hahadontdie, lawful female dwarven Valkyrie -------- ----- ## |.......# |.... ## .--.k-.-. ------- |......|)######..`.| # |....M..| |.....| |......|## |....####......f.| |.....| #-.......## |...| #|..h...@| ---------------- |..<..| #--------# --.-- #|......S|####|..............| +.....| #### # # #------.--# |........>.....| ----.-- # # ### ############## |..........*...| # # # # # ##...............| # # # # % # ---------------- # -------# # ############## ######## ### |.....-# ###----.-- ---.-## # |.....|#`# #.......#########|....## ### |.....|# # #|.....| #|{..|# -----.--- |......# #######-.....| #|...|# |.......| |.....| `|.....| |...|# |.......| |.....| ------- -----###########################-.......| -|----- --------- # hahadontdie the Skirmisher Experience level: 5 Strength: 11 Dexterity: 11 Constitution: 20 Intelligence: 10 Wisdom: 10 Charisma: 8 Health: 0(56) Energy: 11(11) Def: 6 Gold: 492 Moves: 2891 Dungeon seed: QLD9fDDwNJ5xwqRF Game ID: hahadontdie_1464803753 Your Inventory: Coins $ - 492 gold pieces Weapons a - a thoroughly rusty +1 long sword (weapon in hand) b - a +0 dagger (in quiver) Armor e - an uncursed +3 small shield (being worn) n - an uncursed +0 pair of low boots (being worn) q - an uncursed +0 orcish helm (being worn) Comestibles l - 2 uncursed cram rations o - an uncursed food ration Scrolls j - a cursed scroll of fire m - a blessed scroll of magic mapping Potions g - a blessed potion of levitation i - a cursed potion of confusion p - an uncursed potion of confusion r - an uncursed potion of hallucination Tools f - a magic marker (0:87) s - a magic marker (0:48) Spells and supernatural/magical abilities: Name Level Category Fail Memory W - pray for help -- divine ? -- Your skills at the end: Fighting Skills Weapon Skills dagger [Basic] long sword [Skilled] Spellcasting Skills Final Attributes: You were piously aligned. You were cold resistant. You had infravision. You were stealthy. You are dead. Vanquished creatures: a rock mole a pony a fog cloud a yellow light a shrieker 2 elf zombies a giant ant a kitten 3 hill orcs 2 orc zombies a wererat 2 iguanas an acid blob a hobgoblin 3 giant rats 2 cave spiders a gnome zombie 3 geckos 10 jackals 2 kobolds 12 grid bugs 3 bats 4 lichens a kobold zombie 4 newts 64 creatures vanquished. Voluntary challenges: You were an atheist. You used a wielded weapon 64 times, starting on turn 138. You were illiterate. You never genocided any monsters. You never polymorphed an object. You never changed form. You used no wishes. You never split a pudding. You never wrote Elbereth's name. You never violated your personal moral code. Dungeon overview: The Dungeons of Doom: levels 1 to 7 Level 1 a fountain a long staircase Level 2 stairs to The Gnomish Mines Level 3 Level 4 Level 5 an armor shop Level 6 <- You were here a fountain Level 7 The Gnomish Mines: Level 3 stairs to The Dungeons of Doom History has recorded: On T:1 you entered the Dungeons of Doom to retrieve the Amulet of Yendor! On T:80 you reached level 2 of The Dungeons of Doom. On T:458 you reached level 1 of The Gnomish Mines. On T:610 you reached level 3 of The Dungeons of Doom. On T:678 you advanced to experience level 2. On T:805 you advanced to experience level 3. On T:1196 you reached level 4 of The Dungeons of Doom. On T:1529 you advanced to experience level 4. On T:1728 you reached level 5 of The Dungeons of Doom. On T:1831 you reached level 6 of The Dungeons of Doom. On T:2406 you reached level 7 of The Dungeons of Doom. On T:2506 you advanced to experience level 5. Score breakdown: Gold: 492 ( 9160 points) Experience: 5 levels (11141 points) Exploration: 7 levels ( 14.89%) (10834 points) Discoveries: 2 items ( 0.81%) ( 2705 points) Valuables value: (no points given unless you survive) Artifact value: 0 ( 0 points) Variety of kills: 25 monsters ( 6.56%) ( 7684 points) Turncount: 2891 turns ( -545 points) Survival: died (score multiplied by 80%) Total score: 32783 Latest messages: The housecat misses the gnome mummy. (2x) The gnome mummy misses the housecat. The housecat misses the gnome mummy. You miss the water moccasin. The gnome mummy hits the housecat. The water moccasin just misses! The housecat bites the gnome mummy. You miss the water moccasin. The gnome mummy misses the housecat. The water moccasin bites! The housecat misses the gnome mummy. The water moccasin bites! The housecat bites the gnome mummy. You hit the water moccasin. The water moccasin bites! The housecat misses the gnome mummy. You hit the water moccasin. The gnome mummy misses the housecat. The water moccasin bites! The water moccasin's bite was poisoned! Valkyrie, your life force is running out. You die... Final status: Farvel hahadontdie the Valkyrie, killed by a water moccasin... You died in The Dungeons of Doom on dungeon level 6 with 32783 points, and 492 pieces of gold, after 2891 moves. You were level 5 with a maximum of 56 hit points when you died.